 Dungeon Crawl Stone Soup version 0.23.2-40-g277498a (webtiles) character file.

Game seed: 451617235019088032

18 silentkaos13 the Insei (level 2, -1/21 HPs)
             Began as a Demonspawn Transmuter on Oct 3, 2019.
             Slain by a leopard gecko (5 damage)
             ... on level 2 of the Dungeon.
             The game lasted 00:01:22 (1228 turns).

silentkaos13 the Insei (Demonspawn Transmuter)      Turns: 1228, Time: 00:01:23

Health: -1/21      AC:  2    Str: 10    XL:     2   Next: 51%
Magic:  4/5        EV: 12    Int: 14    God:
Gold:   14         SH:  0    Dex: 13    Spells: 4/5 levels left

rFire    . . .     SeeInvis .     - Unarmed
rCold    . . .     Gourm    .   (no shield)
rNeg     . . .     Faith    .   b - +0 robe
rPois    .         Spirit   .   (no helmet)
rElec    .         Reflect  .   (no cloak)
rCorr    .         Harm     .   (no gloves)
MR       .....                  (no boots)
Stlth    +.........             (no amulet)
HPRegen  0.07/turn              (no ring)
MPRegen  0.09/turn              (no ring)

@: appendage
A: hooves 1, horns 2
a: End Transformation


You were on level 2 of the Dungeon.
You were hungry.
You had grown temporary horns.
You visited 1 branch of the dungeon, and saw 2 of its levels.

You collected 14 gold pieces.

Inventory:

Missiles
 a - 12 arrows
Armour
 b - a +0 robe (worn)
Jewellery
 g - an uncursed ring of poison resistance {unknown}
Scrolls
 e - a scroll of teleportation {unknown}
 f - 2 scrolls of identify {unknown}
 h - a scroll of noise {unknown}
Potions
 c - a potion of curing {unknown}
 i - a potion of cancellation {unknown}
Comestibles
 d - a ration


   Skills:
 + Level 1.1 Fighting
 + Level 2.1 Dodging
 + Level 3.0 Unarmed Combat
 + Level 2.0 Spellcasting
 + Level 2.0 Transmutations


You had 4 spell levels left.
You knew the following spells:

 Your Spells              Type           Power        Failure   Level  Hunger
a - Beastly Appendage     Tmut           #.....       11%         1    ##.....

Your spell library contained the following spells:

 Spells                   Type           Power        Failure   Level  Hunger
 Sticks to Snakes         Tmut           #.......     16%         2    ###....
 Spider Form              Tmut/Pois      #.........   43%         3    ####...
 Ice Form                 Ice/Tmut       #.......     83%         4    #####..
 Blade Hands              Tmut           #.........   96%         5    ######.


Dungeon Overview and Level Annotations

Branches:
Dungeon (2/15)

Altars:


Innate Abilities, Weirdness & Mutations

You have large cloven feet.
You have a pair of horns on your head.


Message History

The leopard gecko bites you.
You barely miss the leopard gecko. The leopard gecko bites you.
You barely miss the leopard gecko. Your kick misses the leopard gecko.
The leopard gecko barely misses you. The leopard gecko bites you.
You closely miss the leopard gecko. You kick the leopard gecko.
The leopard gecko is lightly wounded.
The leopard gecko bites you.
You closely miss the leopard gecko. Your kick misses the leopard gecko.
The leopard gecko is lightly wounded.
The leopard gecko bites you.
* * * LOW HITPOINT WARNING * * *
You hit the leopard gecko.
The leopard gecko is moderately wounded.
The leopard gecko closely misses you.
You see here a frilled lizard corpse.
Casting: Beastly Appendage (safe; 11% risk of failure)
Confirm with . or Enter, or press ? or * to list all spells.
You grow a pair of large bovine horns.
The leopard gecko barely misses you. The leopard gecko bites you.
You die...

....... #.(.?...>
#........
###........
.......?. #.....
#.#.##### ###
...####.......#.....
.....$...@l.......#
.######..#####..#..#
#<## ..# #.# ... ..#
##. .... ##.#. .. ..
.. ..


You could see a leopard gecko.

Vanquished Creatures
  4 bats (D:1)
  5 goblins (D:1)
  2 hobgoblins (D:1)
  2 frilled lizards
  2 kobolds (D:1)
  3 rats
18 creatures vanquished.

Notes
Turn   | Place    | Note
-------+----------+-------------------------------------------
     0 | D:1      | silentkaos13 the Demonspawn Transmuter began the quest for
                  | the Orb.
     0 | D:1      | Reached XP level 1. HP: 15/15 MP: 3/3
   277 | D:1      | Gained mutation: You have large cloven feet. [demonic
                  | ancestry]
   277 | D:1      | Reached XP level 2. HP: 15/21 MP: 5/5
   951 | D:1      | Reached skill level 3 in Unarmed Combat
  1228 | D:2      | Slain by a leopard gecko

Skill      XL: |  1  2 |
---------------+-------+-----
Transmutations | 2 |  2.0
Dodging        | 2 |  2.1
Unarmed Combat | 3 |  3.0
Fighting       | |  1.1
Spellcasting   | |  2.0

Action                   || total
-------------------------++-------
Melee: Unarmed           ||    69
       Kick              ||     6
 Cast: Beastly Appendage ||     2
Armor: Robe              ||    13
Dodge: Dodged            ||    43
